 Dungeon Crawl Stone Soup version 0.28-a0-1613-gdaab1c2f9b (webtiles) character file.

Game seed: 17434395762722777954

79 Shayle the Chopper (level 4, -1/33 HPs)
             Began as a Demonspawn Warper on Jan 21, 2022.
             Slain by a kobold brigand (6 damage)
             ... in a sewer.
             The game lasted 00:05:08 (1841 turns).

Shayle the Chopper (Demonspawn Warper)              Turns: 1841, Time: 00:05:08

Health: -1/33      AC:  6    Str: 12    XL:     4   Next: 16%
Magic:  7/7        EV: 10    Int: 14    God:
Gold:   86         SH:  5    Dex: 14    Spells: 7/7 levels left

rFire   . . .      SeeInvis .   a - +0 hand axe
rCold   . . .      Faith    .   (no shield)
rNeg    . . .      Spirit   .   g - +0 ring mail
rPois   .          Reflect  +   (no helmet)
rElec   .          Harm     .   (no cloak)
rCorr   .          Rampage  .   (no gloves)
Will    .....                   (no boots)
Stlth   +.........              e - amulet of reflection
HPRegen 0.11/turn               (no ring)
MPRegen 0.10/turn               (no ring)

@: attractive
A: foul stench 1, sharp scales 1
a: no special abilities


You were in a sewer.
You visited 1 branch of the dungeon, and saw 3 of its levels.
You also visited: Sewer.

You collected 86 gold pieces.

Inventory:

Hand Weapons
 a - a +0 hand axe (weapon)
Missiles
 d - 4 boomerangs of dispersal (quivered)
Armour
 b - a +0 leather armour
 g - a +0 ring mail (worn)
Jewellery
 e - an amulet of reflection (around neck)
Scrolls
 c - a scroll of blinking
 f - 2 scrolls of identify {unknown}
 i - a scroll of vulnerability {unknown}
 j - a scroll of torment {unknown}
 m - 2 scrolls of teleportation {unknown}


   Skills:
 - Level 2.0 Fighting
 + Level 4.1 Axes
 - Level 0.8 Throwing
 - Level 0.8 Armour
 - Level 1.7 Dodging
 - Level 2.0 Spellcasting
 - Level 2.6 Translocations


You had 7 spell levels left.
You didn't know any spells.
Your spell library contained the following spells:

 Spells                   Type           Power      Damage    Failure   Level
 Blink                    Tloc           16%        N/A       26%         2
 Gell's Gravitas          Tloc           8%         N/A       47%         3
 Lesser Beckoning         Tloc           8%         N/A       47%         3
 Teleport Other           Tloc           8%         N/A       47%         3
 Inner Flame              Hex/Fire       1%         N/A       85%         3
 Cause Fear               Hex            0%         N/A       99%         4
 Manifold Assault         Tloc           8%         N/A       99%         5
 Discord                  Hex            0%         N/A       100%        8


Dungeon Overview and Level Annotations

Branches:
Dungeon (3/15)              Sewer (1/1)

Altars:

Annotations:
D:2 Terence


Innate Abilities, Weirdness & Mutations

You may rarely emit foul miasma when damaged in melee.
You are partially covered in razor-sharp scales. (AC +1, Slay +1)


Message History

You hit the kobold brigand.
The kobold brigand is heavily wounded.
The kobold brigand barely misses you.
You closely miss the kobold brigand.
The kobold brigand is heavily wounded.
You block the kobold brigand's attack.
You barely miss the kobold brigand.
The kobold brigand is heavily wounded.
The kobold brigand hits you with a +0 whip.
You hit the kobold brigand but do no damage.
The kobold brigand is heavily wounded.
The kobold brigand closely misses you.
You closely miss the kobold brigand.
The kobold brigand is heavily wounded.
You block the kobold brigand's attack.
The kobold brigand hits you with a +0 whip!
* * * LOW HITPOINT WARNING * * *
You hit the kobold brigand.
The kobold brigand is severely wounded.
The kobold brigand hits you with a +0 whip.
* * * LOW HITPOINT WARNING * * *
You hit the kobold brigand but do no damage.
The kobold brigand is severely wounded.
The kobold brigand closely misses you.
Throw: 5 boomerangs (disperse)
Press: ? - help, Q - select action Shift-Dir - straight line, f - kobold brigand
Aim: a kobold brigand, wielding a +0 whip and quivering poisoned darts (severely wounded, 53% to hit)
You throw a boomerang of dispersal.
The boomerang of dispersal hits the kobold brigand.
The kobold brigand blinks!
The kobold brigand is severely wounded.
The kobold brigand is attracted toward you.
You closely miss the kobold brigand.
The kobold brigand is severely wounded.
The kobold brigand barely misses you.
Unknown command.
You closely miss the kobold brigand.
The kobold brigand is severely wounded.
The kobold brigand hits you with a +0 whip.
You die... ##################### #...@K§∩∩...÷..≈≈≈≈≈≈ #####################

You could see a kobold brigand.

Vanquished Creatures
  An adder (D:3)
  A river rat (Sewer)
  A worm (D:3)
  2 dart slugs (D:1)
  2 endoplasms
  6 giant cockroaches
  3 goblins
  8 hobgoblins
  5 jackals
  4 kobolds
  3 quokkas
  2 ball pythons
  4 frilled lizards
  7 rats
49 creatures vanquished.

Notes
Turn   | Place    | Note
-------+----------+-------------------------------------------
     0 | D:1      | Shayle the Demonspawn Warper began the quest for the Orb.
     0 | D:1      | Reached XP level 1. HP: 16/16 MP: 3/3
    81 | D:1      | Reached skill level 2 in Axes
   267 | D:1      | Gained mutation: You may rarely emit foul miasma when
                  | damaged in melee. [demonic ancestry]
   267 | D:1      | Reached XP level 2. HP: 10/22 MP: 5/5
   648 | D:1      | Reached skill level 3 in Axes
  1087 | D:2      | Reached XP level 3. HP: 27/27 MP: 6/6
  1135 | D:2      | Noticed Terence
  1410 | D:3      | Found a glowing drain.
  1419 | Sewer    | Entered a sewer
  1431 | Sewer    | Reached skill level 4 in Axes
  1431 | Sewer    | Gained mutation: You are partially covered in razor-sharp
                  | scales. (AC +1, Slay +1) [demonic ancestry]
  1431 | Sewer    | Reached XP level 4. HP: 6/33 MP: 7/7
  1772 | Sewer    | Noticed a kobold brigand
  1841 | Sewer    | Slain by a kobold brigand

Illustrated notes

Levels and vault maps discovered:
D:1:      psy_arrival_statuary, layout_rooms, minmay_misc_feat_cross,
          skrybe_limestone_x, minmay_misc_feat_hallway
D:2:      layout_rooms, kennysheep_another_room, uniq_terence
D:3:      layout_rooms, portal_sewer_entry_f, uniq_sigmund
Sewer:    sewer_kobolds

Skill      XL: |  1  2  3 |
---------------+----------+-----
Axes           | 2 3 4 |  4.1
Fighting       | |  2.0
Throwing       | |  0.8
Armour         | |  0.8
Dodging        | |  1.7
Spellcasting   | |  2.0
Translocations | |  2.6

Action                   |  1- 3 |  4- 6 || total
-------------------------+-------+-------++-------
Melee: Hand axe          |   155 |    57 ||   212
       Punch             |     4 |       ||     4
Throw: Boomerang         |       |     1 ||     1
  Use: Potion            |     1 |     3 ||     4
Armor: Ring mail         |    53 |    12 ||    65
       Leather armour    |     1 |       ||     1
Dodge: Dodged            |    80 |    23 ||   103
Block: Other             |    47 |    13 ||    60
       Reflection        |       |     2 ||     2

Table legend: (Time is in decaauts)
 A = Elapsed time spent in this place.
 B = Non-inter-level travel time spent in this place.
 C = Inter-level travel time spent in this place.
 D = Time resting spent in this place.
 E = Time spent auto-exploring this place.
 F = Levels seen in this place.
 G = Mean time per level.
                   A        B        C        D        E       F      G
               +--------+--------+--------+--------+--------+-----+--------+
         Total |   1919 |   1893 |     26 |    592 |    717 |   4 |  479.8 |
       Dungeon |   1454 |   1428 |     26 |    343 |    659 |   3 |  484.7 |
         Sewer |    465 |    465 |      0 |    248 |     58 |   1 |  465.0 |
               +--------+--------+--------+--------+--------+-----+--------+

Top non-repeatable levels by time:
     D:1: 1072 daAuts
   Sewer: 465 daAuts
     D:3: 301 daAuts
     D:2: 80 daAuts
